 Dungeon Crawl Stone Soup version 0.20.1-1-g8b1a95d (webtiles) character file.

31 gungr the Insei (level 3, 0/23 HPs)
             Began as an Octopode Transmuter on Oct 29, 2017.
             Slain by a gnoll
             ... wielding a +0 spear
              (3 damage)
             ... on level 2 of the Dungeon.
             The game lasted 00:02:25 (988 turns).

gungr the Insei (Octopode Transmuter)                Turns: 988, Time: 00:02:26

Health: 0/23       AC:  1    Str:  9    XL:     3   Next: 22%
Magic:  5/6        EV: 13    Int: 16    God:
Gold:   88         SH:  0    Dex: 12    Spells: 3/6 levels left

rFire    . . .     SeeInvis +     - Unarmed
rCold    . . .     Gourm    .   (no shield)
rNeg     . . .     Faith    .   (helmet restricted)
rPois    .         Spirit   .   (no amulet)
rElec    .         Reflect  .   h - ring of see invisible
rCorr    .         Harm     .   (no ring)
MR       .....                  (no ring)
Stlth    ++........             (no ring)
Regen    0.1/turn               (no ring)
MPRegen  0.1/turn               (no ring)
                                (no ring)
                                (no ring)

@: very slightly contaminated
A: almost no armour, stealthy swim, amphibious, 8 rings, constrict 8, camouflage
1, gelatinous body 1
a: no special abilities


You were on level 2 of the Dungeon.
You were not hungry.

You visited 1 branch of the dungeon, and saw 2 of its levels.

You collected 88 gold pieces.

Inventory:

Missiles
 a - 12 arrows
Jewellery
 h - a ring of see invisible (left tentacle)
Scrolls
 e - 2 scrolls of remove curse {unknown}
 f - a scroll of amnesia {unknown}
 g - 2 scrolls of noise {unknown}
 i - 4 scrolls of teleportation {unknown}
Potions
 d - a potion of flight {unknown}
Books
 b - a book of Changes

   Spells                             Type                      Level
   a - Beastly Appendage              Transmutation                1
   b - Sticks to Snakes               Transmutation                2
   c - Spider Form                    Transmutation/Poison         3
   d - Ice Form                       Ice/Transmutation            4
   e - Blade Hands                    Transmutation                5
Comestibles
 c - a bread ration


   Skills:
 - Level 1.0 Fighting
 - Level 2.0 Dodging
 + Level 4.2 Unarmed Combat
 - Level 2.0 Spellcasting
 - Level 2.0 Transmutations


You had 3 spell levels left.
You knew the following spells:

 Your Spells              Type           Power        Failure   Level  Hunger
a - Beastly Appendage     Tmut           #.....       9%          1    #......
b - Sticks to Snakes      Tmut           #.......     14%         2    ###....


Dungeon Overview and Level Annotations

Branches:
Dungeon (2/15)

Altars:
Cheibriados

Annotations:
D:2 Sigmund


Innate Abilities, Weirdness & Mutations

You cannot wear most types of armour.
You are very stealthy in the water. (Stealth+)
You are amphibious.
You can wear up to eight rings at the same time.
You can use your tentacles to constrict eight enemies at once.
Your skin changes colour to match your surroundings (Stealth+).
Your rubbery body absorbs attacks. (AC +1, EV +1)


Message History

Casting: Beastly Appendage
Confirm with . or Enter, or press ? or * to list all spells.
You miscast Beastly Appendage.
You are very lightly contaminated with residual magic.
Nothing appears to happen.
The gnoll hits you from afar with a spear.
A gnoll comes into view. It is wielding a spear.
The gnoll throws a stone.
The stone barely misses you. The gnoll hits you with a spear.
Found 17 bolts.
You tentacle-slap the gnoll. Your grab misses the gnoll.
You squeeze the gnoll, but do no damage.
The gnoll is moderately wounded.
The gnoll throws a stone.
The stone hits you.
* * * LOW HITPOINT WARNING * * *
The gnoll completely misses you.
The gnoll hits you from afar with a spear.
* * * LOW HITPOINT WARNING * * *
The gnoll hits you with a spear.
You die...

.....#.#####.# #.
######.......# #.? ..
#...##### #.# #...# #.#
#...# #.# #
#...#######.##. .
######......(..#... ..
.................##.##.#
......≈≈≈.......@......K
...).≈≈≈≈≈....((g#..##.#
####.≈≈†≈≈.###.#.g.....
#.≈≈≈≈≈.....#..g....#
#.#≈≈≈#.#####.#..##.#
#.##_##.# #.#..# # #.
###..# ..(.... .. ...##
..# .... .# ...# .. ...


You could see 3 gnolls and a kobold (wandering).

Vanquished Creatures
  A worm (D:2)
  A dart slug (D:2)
  A leopard gecko (D:2)
  2 goblins
  7 hobgoblins
  2 kobolds (D:1)
  3 bats (D:1)
  4 frilled lizards
  3 rats
24 creatures vanquished.

Notes
Turn   | Place    | Note
-------+----------+-------------------------------------------
     0 | D:1      | gungr the Octopode Transmuter began the quest for the Orb.
     0 | D:1      | Reached XP level 1. HP: 13/13 MP: 3/3
   118 | D:1      | Reached XP level 2. HP: 17/18 MP: 5/5
   690 | D:2      | Noticed Sigmund
   871 | D:2      | Reached skill level 4 in Unarmed Combat
   871 | D:2      | Reached XP level 3. HP: 18/23 MP: 6/6
   875 | D:2      | Learned a level 2 spell: Sticks to Snakes
   963 | D:2      | Found a snail-covered altar of Cheibriados.
   988 | D:2      | Slain by a gnoll

Skill      XL: |  1  2 |
---------------+-------+-----
Unarmed Combat | 4 |  4.2
Fighting       | |  1.0
Dodging        | |  2.0
Spellcasting   | |  2.0
Transmutations | |  2.0

Action                   || total
-------------------------++-------
Melee: Unarmed           ||    48
       Constrict         ||    13
       Tentacles         ||     6
       Punch             ||     1
 Cast: Beastly Appendage ||     1
 Stab: Sleeping          ||     8
Armor: Skin              ||     5
Dodge: Dodged            ||    30
